 Dungeon Crawl Stone Soup version 0.30-a0-629-gd54f4be4f7 (webtiles) character file.

Game seed: 6670949174500515120

4 kae the Insei (level 1, -2/15 HPs)
             Began as a Demonspawn Transmuter on Jan 12, 2023.
             Succumbed to a kobold's poison
             ... on level 1 of the Dungeon.
             The game lasted 00:00:11 (129 turns).

kae the Insei (Demonspawn Transmuter)                Turns: 129, Time: 00:00:12

Health: -2/15      AC:  2    Str: 10    XL:     1   Next: 50%
Magic:  3/3        EV: 12    Int: 14    God:
Gold:   11         SH:  0    Dex: 13    Spells: 3/4 levels left

rFire   . . .      SeeInvis .      - Unarmed
rCold   . . .      Faith    .    (no shield)
rNeg    . . .      Spirit   .    a - +0 robe
rPois   .          Reflect  .    (no helmet)
rElec   .          Harm     .    (no cloak)
rCorr   .          Rampage  .    (no gloves)
Will    .....                    (no boots)
Stlth   +                        (no amulet)
HPRegen 0.22/turn                (no ring)
MPRegen 0.08/turn                (no ring)

@: lethally poisoned (-2 -> -14)
A: no striking features
a: no special abilities


You were on level 1 of the Dungeon.
You visited 1 branch of the dungeon, and saw 1 of its levels.

You collected 11 gold pieces.


   Skills:
 - Level 1.0 Fighting
 - Level 1.7 Dodging
 + Level 2.7 Unarmed Combat
 + Level 2.0 Spellcasting
 * Level 2.0 Transmutations


You had 3 spell levels left.
You knew the following spells:

 Your Spells              Type           Power      Damage    Failure   Level
a - Beastly Appendage     Tmut           14%        N/A       11%         1

Your spell library contained the following spells:

 Spells                   Type           Power      Damage    Failure   Level
 Wereblood                Tmut           7%         N/A       16%         2
 Summon Small Mammal      Summ           4%         N/A       24%         1
 Spider Form              Tmut/Pois      4%         N/A       43%         3
 Call Canine Familiar     Summ           1%         N/A       56%         3
 Summon Guardian Golem    Hex/Summ       1%         N/A       56%         3
 Ice Form                 Ice/Tmut       4%         N/A       83%         4

Inventory:

Missiles
 d - 4 javelins
Armour
 a - a +0 robe (worn)
Scrolls
 c - a scroll of fog {unknown}
Potions
 b - a potion of lignification {!q}

Dungeon Overview and Level Annotations

Branches:
Dungeon (1/15) Zot: 5872

Altars:

#.#.# #. ..... #.#.#
.##. ......# #.#.# ....
......# #.#.# #..
......# #.#.# #...
.....######.#.##
#...### #.............
#.K.# #.............
#@###.............
...#...##...##.......
....)...>...####.......
.....######## #.......
....$ #....... ....
#....... ###. #.......
# ######+#


You could see a kobold.


Message History

No target in view!
No target in view!
Key pressed, stopping explore.
No target in view!
No target in view! 😎 HP[+1]
Your hp is fully restored (15).
Your horns disappear.
Your talons disappear.
You pick up a book of Callings and begin reading...
You add the spells Summon Small Mammal, Call Canine Familiar and Summon Guardian Golem to your library. 😎 MP[+1]
Your mp is fully restored (3).
No target in view!
No target in view!
You now have 11 gold pieces.
A ball python comes into view.
Unknown command.
A ball python is nearby!
A ball python is nearby!
The ball python hisses angrily.
Casting: Beastly Appendage (safe; 11% risk of failure)
Confirm with . or Enter, or press ? or * to list all spells.
You grow a pair of large bovine horns.
Your feet morph into talons.
Your transformation is almost over.
The ball python misses you. The ball python grabs you.
The ball python constricts you. 😎 MP[-1]
You lost 1 mp, and now have 2/3 mp.
You closely miss the ball python. Your kick misses the ball python.
The ball python closely misses you. The ball python constricts you.
You hit the ball python.
You kill the ball python!
Found a stone staircase leading down.
No target in view!
No target in view!
Your horns disappear.
Your talons disappear.
A giant cockroach comes into view. 😎 MP[+1]
Your mp is fully restored (3).
You hit the giant cockroach but do no damage.
Your punch misses the giant cockroach. The giant cockroach barely misses you.
A giant cockroach is nearby!
Unknown command.
A giant cockroach is nearby!
You closely miss the giant cockroach.
The giant cockroach bites you but does no damage.
You barely miss the giant cockroach. The giant cockroach bites you. 😕 HP[-1]
You take 1 damage, and now have 14/15 hp.
A giant cockroach is nearby!
You hit the giant cockroach. The giant cockroach bites you.
You hit the giant cockroach.
You kill the giant cockroach!
Your Transmutations skill increases to level 2!
No target in view!
No target in view!
A kobold comes into view. It is wielding a +2 dagger of venom.
The kobold shouts! 😎 HP[+1]
Your hp is fully restored (15).
A kobold is nearby!
The kobold misses you.
You barely miss the kobold. The kobold completely misses you.
A kobold is nearby!
You hit the kobold. The kobold closely misses you.
You barely miss the kobold. The kobold barely misses you.
You closely miss the kobold. The kobold closely misses you.
You closely miss the kobold. The kobold closely misses you.
You barely miss the kobold.
The kobold hits you with a +2 dagger of venom.
You are poisoned.
You hit the kobold but do no damage. Your punch misses the kobold.
You feel very sick. The kobold closely misses you. 😮 HP[-6]
You take 6 damage, and now have 9/15 hp.
MASSIVE DAMAGE!! (PAUSE)
You barely miss the kobold.
You feel sick. 😮 HP[-1]
You take 1 damage, and now have 8/15 hp.
Unknown command.
You hit the kobold.
* * * LOW HITPOINT WARNING * * *
You feel sick.
The kobold hits you with a +2 dagger of venom.
* * * LOW HITPOINT WARNING * * *
You are more poisoned. 😱 HP[-5]
You take 5 damage, and now have 3/15 hp.
MASSIVE DAMAGE!! (PAUSE)
You closely miss the kobold.
* * * LOW HITPOINT WARNING * * *
You feel very sick. The kobold closely misses you. 😱 HP[-2]
You take 2 damage, and now have 1/15 hp.
Unknown command.
You barely miss the kobold.
You die...

Skill      XL: |  1 |
---------------+----+-----
Transmutations | 2 |  2.0
Fighting       | |  1.0
Dodging        | |  1.7
Unarmed Combat | |  2.7
Spellcasting   | |  2.0

Action                   || total
-------------------------++-------
Melee: Unarmed           ||    21
       Kick              ||     1
 Cast: Beastly Appendage ||     2
Armor: Robe              ||     2
Dodge: Dodged            ||    12

Levels and vault maps discovered:
D:1:      saegor_arrival_simple_e, layout_basic, minivault_11

Notes
Turn   | Place    | Note
-------+----------+-------------------------------------------
     0 | D:1      | kae the Demonspawn Transmuter began the quest for the Orb.
     0 | D:1      | Reached XP level 1. HP: 15/15 MP: 3/3
     0 | D:1      | magus.rc [v1.11.3]
    48 | D:1      | You pick up a book of Callings and begin reading...
    48 | D:1      | You add the spells Summon Small Mammal, Call Canine
                  | Familiar and Summon Guardian Golem to your library.
   110 | D:1      | Reached skill level 2 in Transmutations
   127 | D:1      | HP: 3/15 [kobold/+2 dagger of venom (3)]
   128 | D:1      | HP: 1/15 [poisoned by a kobold]
   129 | D:1      | Succumbed to a kobold's poison

Vanquished Creatures
  A bat (D:1)
  A giant cockroach (D:1)
  A ball python (D:1)
  A goblin (D:1)
4 creatures vanquished.

Table legend:
 A = Non-vault XP
 B = Vault XP
 C = Vault XP percentage of total XP
 D = Non-vault monster count
 E = Vault monster count
 F = Vault count percentage of total count
                 A         B        C        D         E       F
            +---------+---------+-------+---------+---------+-------
      Total |       6 |       0 |   0.0 |       4 |       0 |   0.0
            +---------+---------+-------+---------+---------+-------
        D:1 |       6 |       0 |   0.0 |       4 |       0 |   0.0
            +---------+---------+-------+---------+---------+-------

Illustrated notes

Table legend:
 A = Kills in this place as a percentage of kills in entire the game.
 B = Kills by you in this place as a percentage of kills by you in the entire game.
 C = Kills by friends in this place as a percentage of kills by friends in the entire game.
 D = Other kills in this place as a percentage of other kills in the entire game.
 E = Experience gained in this place as a percentage of experience gained in the entire game.
 F = Experience gained in this place divided by the number of levels of this place that you have seen.
                   A       B       C       D       E      F
               +-------+-------+-------+-------+-------+----------------------
         Total | 100.0 | 100.0 |   N/A |   N/A | 100.0 |   6.0
       Dungeon | 100.0 | 100.0 |   N/A |   N/A | 100.0 |   6.0
               +-------+-------+-------+-------+-------+----------------------

Table legend: (Time is in decaauts)
 A = Elapsed time spent in this place.
 B = Non-inter-level travel time spent in this place.
 C = Inter-level travel time spent in this place.
 D = Time resting spent in this place.
 E = Time spent auto-exploring this place.
 F = Levels seen in this place.
 G = Mean time per level.
                   A        B        C        D        E       F      G
               +--------+--------+--------+--------+--------+-----+--------+
         Total |    127 |    127 |      0 |      0 |     87 |   1 |  127.0 |
       Dungeon |    127 |    127 |      0 |      0 |     87 |   1 |  127.0 |
               +--------+--------+--------+--------+--------+-----+--------+

Top non-repeatable levels by time:
     D:1: 127 daAuts
